 Dungeon Crawl Stone Soup version 0.18.1-47-g9310371 (webtiles) character file.

102 Sirdec the Bolt Thrower (level 5, -2/30 HPs)
             Began as a Kobold Hunter on June 20, 2016.
             Slain by a gnoll
             ... wielding a +0 halberd
              (12 damage)
             ... on level 3 of the Dungeon.
             The game lasted 00:11:49 (2273 turns).

Sirdec the Bolt Thrower (Kobold Hunter)             Turns: 2273, Time: 00:11:50

Health: -2/30      AC:  3    Str: 12    XL:     5   Next: 5%
Magic:  5/5        EV: 14    Int:  9    God:
Gold:   104        SH:  0    Dex: 16    Spells: 0 memorised, 4 levels left

rFire  . . .     SeeInvis .     a - +1 hand crossbow
rCold  . . .     Gourm    .     c - +0 leather armour
rNeg   . . .     Faith    .     (shield restricted)
rPois  +         Spirit   .     (no helmet)
rElec  .         Dismiss  .     (no cloak)
rCorr  .         Reflect  .     (no gloves)
SustAt .         Harm     .     (no boots)
MR     .....                    (no amulet)
Stlth  ++........               (no ring)
                                k - ring of poison resistance

@: not resistant to hostile enchantments, unstealthy
A: carnivore 3
a: no special abilities


You were on level 3 of the Dungeon.
You were full.

You visited 1 branch of the dungeon, and saw 3 of its levels.

You collected 104 gold pieces.

Inventory:

Hand Weapons
 a - a +1 hand crossbow (weapon)
 b - a +0 short sword
Missiles
 d - 31 bolts (quivered)
 m - a throwing net
Armour
 c - a +0 leather armour (worn)
 e - a +0 ring mail
Jewellery
 k - a ring of poison resistance (left hand)
Scrolls
 h - a scroll of remove curse
 i - 2 scrolls of identify {unknown}
 j - a scroll of recharging {unknown}
 l - a scroll of teleportation {unknown}
 o - a scroll of amnesia {unknown}
Potions
 g - 2 potions of agility {unknown}
 n - a potion of curing {unknown}
Comestibles
 f - 2 meat rations


   Skills:
 - Level 2.1 Fighting
 * Level 3.1 Short Blades
 + Level 6.1 Crossbows
 - Level 0.7 Armour
 - Level 2.4 Dodging
 + Level 1.7 Stealth


You had 4 spell levels left.
You didn't know any spells.

Dungeon Overview and Level Annotations

Branches:
Dungeon (3/15)

Altars:


Innate Abilities, Weirdness & Mutations

You are small and have problems with some larger weapons.
You are carnivorous and can eat meat at any time.


Message History

You shoot a bolt. The bolt hits the gnoll!
You kill the gnoll!
Your Short Blades skill increases to level 3!
You have reached level 5!
You feel stronger.
Firing (i - inventory. (,) - cycle):
d - 33 bolts (quivered)
Press: ? - help, Shift-Dir - straight line, f - gnoll
Aim: a gnoll, wielding a halberd (heavily wounded)
You shoot a bolt. The bolt barely misses the gnoll.
The bolt hits the plant but does no damage.
The plant is lightly damaged.
The gnoll barely misses you.
Firing (i - inventory. (,) - cycle):
d - 32 bolts (quivered)
Press: ? - help, Shift-Dir - straight line, f/p - gnoll
Aim: a gnoll, wielding a halberd (heavily wounded)
You shoot a bolt. The bolt closely misses the gnoll.
The bolt hits the plant but does no damage.
The plant is lightly damaged.
The gnoll hits you from afar with a halberd!
You die...

... .. ..##
.P≈### ###.≈♣♣.#
#...≈≈≈≈#
#...♣≈P. #@###.#
#
#####.(#.##.#####
#......g(........
#.######(##.###PP
.........# ..
≈.≈§≈≈≈.#(.#.P≈
≈.≈###≈.#..Pg≈P≈
≈. #≈.# .P≈♣♣♣
#≈h. .P≈≈♣


You could see a gnoll.

Vanquished Creatures
  2 gnolls (D:3)
  3 adders
  An ooze (D:3)
  A worm (D:2)
  2 dart slugs (D:2)
  A giant gecko (D:2)
  A giant cockroach (D:1)
  3 goblins (D:2)
  4 hobgoblins
  7 jackals
  A quokka (D:2)
  8 bats
  9 giant newts (D:2)
  3 kobolds (D:1)
46 creatures vanquished.

Notes
Turn   | Place    | Note
--------------------------------------------------------------
     0 | D:1      | Sirdec the Kobold Hunter began the quest for the Orb.
     0 | D:1      | Reached XP level 1. HP: 12/12 MP: 1/1
   153 | D:1      | Reached skill level 5 in Crossbows
   318 | D:1      | Reached XP level 2. HP: 15/17 MP: 2/2
   380 | D:1      | Reached skill level 1 in Short Blades
   888 | D:1      | Reached XP level 3. HP: 21/21 MP: 3/3
  1674 | D:2      | Reached XP level 4. HP: 23/26 MP: 4/4
  1991 | D:2      | Reached skill level 6 in Crossbows
  2271 | D:3      | Reached XP level 5. HP: 9/30 MP: 5/5
  2273 | D:3      | Slain by a gnoll

Skill      XL: |  1  2  3  4 |
---------------+-------------+-----
Crossbows      | 5 6 |  6.1
Short Blades   | 1 3 |  3.1
Fighting       | |  2.1
Armour         | |  0.7
Dodging        | |  2.4
Stealth        | |  1.7

Action                   |  1- 3 |  4- 6 || total
-------------------------+-------+-------++-------
Melee: Short sword       |    95 |    37 ||   132
 Fire: Hand crossbow     |    11 |    22 ||    33
  Use: Scroll            |     1 |       ||     1
  Eat: Chunk             |     8 |     1 ||     9
Armor: Leather armour    |    26 |     2 ||    28
       Ring mail         |     6 |       ||     6
Dodge: Dodged            |   122 |    34 ||   156
